AoeStats
← 忍者龜頭在痛

Arena

507478561Analyzed
4v4 RM · 13d ago on Sep 18, 2026· 49m 31s· 8 players
Game mode
Random Map
Map size
Large (8 player)
Population
200
Speed
Normal
Resources
Standard
Victory
Conquest
Starting age
Dark Age
Ending age
Imperial Age
RankedLock teamsTeams togetherTeam positionsShared explorationLock speedFull tech treeHidden civsTurbo modeCheats
Victory
Defeat
🇹🇼 Malians · Taiwan
890
+10
🇨🇳 Turks · China
827
+13
🇹🇼 Franks · Taiwan
741
+16
🇬🇧 Goths · United Kingdom
578
+22
🇯🇵 Persians · Japan
765
-16
🇫🇷 Bulgarians · France
759
-16
🇫🇷 Khmer · France
740
-15
🇦🇺 Wei · Australia
709
-14
JP_AoE2
11:06 Feudal Age
12:32 Wheelbarrow
11:47 Double-Bit Axe
12:28 Horse Collar
13:39 Gold Mining
14:05 Stone Mining
21:47 Castle Age
19:54 Padded Archer Armor
20:37 Fletching
21:59 Scale Barding Armor
22:06 Forging
22:56 Hand Cart
23:06 Bow Saw
23:37 Heavy Plow
25:15 Gold Shaft Mining
25:40 Stone Shaft Mining
25:33 Caravan
26:42 Coinage
26:44 Husbandry
27:42 Bloodlines
27:56 Chain Barding Armor
29:19 Iron Casting
29:44 Tuntian
35:01 Imperial Age
34:51 Ballistics
34:27 Murder Holes
34:44 Fortified Wall
36:31 Crop Rotation
37:59 Elite Tiger Cavalry
39:14 Conscription
42:17 Conscription
sada613
11:36 Feudal Age
11:56 Double-Bit Axe
12:03 Gold Mining
12:05 Stone Mining
13:58 Wheelbarrow
13:36 Horse Collar
20:58 Castle Age
21:57 Loom
21:58 Town Watch
23:39 Bow Saw
24:11 Stone Shaft Mining
24:09 Hand Cart
24:15 Hand Cart
Stown974
13:37 Feudal Age
16:30 Wheelbarrow
19:05 Castle Age
17:56 Gold Mining
18:23 Stone Mining
18:24 Horse Collar
18:59 Double-Bit Axe
21:22 Bow Saw
26:30 Town Watch
26:31 Loom
27:02 Hand Cart
26:38 Town Watch
26:39 Loom
28:52 Town Patrol
29:54 Stone Shaft Mining
29:25 Heavy Plow
30:14 Gold Shaft Mining
34:14 Imperial Age
33:20 Scale Barding Armor
33:16 Scale Mail Armor
33:26 Forging
34:17 Elite Konnik
35:46 Stirrups
37:38 Chain Barding Armor
37:34 Chain Mail Armor
37:54 Iron Casting
42:33 Plate Barding Armor
42:32 Crop Rotation
42:36 Plate Mail Armor
43:07 Blast Furnace
牛胜newsheng8
8:24 Loom
11:10 Feudal Age
11:34 Horse Collar
11:42 Double-Bit Axe
12:46 Gold Mining
19:17 Castle Age
17:41 Arson
18:30 Scale Mail Armor
22:41 Bow Saw
24:32 Man-at-Arms
FLAME-99
2:38 Loom
11:14 Feudal Age
16:05 Castle Age
14:45 Double-Bit Axe
17:37 Bow Saw
20:57 Gold Mining
29:00 Wheelbarrow
31:12 Hand Cart
33:11 Scale Mail Armor
33:22 Forging
34:14 Chain Mail Armor
37:53 Imperial Age
37:45 Iron Casting
39:45 Conscription
39:04 Capped Ram
39:34 Pikeman
42:53 Chemistry
42:13 Ballistics
46:45 Elite Gbeto
48:36 Farimba
KnightsTemplar
12:26 Feudal Age
13:43 Gold Mining
17:13 Loom
19:54 Castle Age
18:22 Stone Mining
18:17 Horse Collar
19:20 Scale Mail Armor
19:42 Forging
20:25 Double-Bit Axe
22:08 Wheelbarrow
23:03 Caravan
27:24 Hand Cart
28:46 Anarchy
30:29 Squires
30:43 Town Watch
31:30 Pikeman
35:10 Imperial Age
33:42 Man-at-Arms
34:42 Chain Mail Armor
35:03 Iron Casting
34:20 Long Swordsman
35:56 Perfusion
36:22 Two-Handed Swordsman
36:54 Elite Huskarl
37:52 Champion
忍者龜頭在痛
12:37 Feudal Age
17:48 Castle Age
23:56 Double-Bit Axe
24:06 Gold Mining
24:51 Loom
33:06 Imperial Age
32:12 Husbandry
34:29 Scale Barding Armor
35:47 Chain Barding Armor
35:51 Ballistics
36:32 Chemistry
35:40 Cavalier
40:22 Paladin
42:11 Plate Barding Armor
41:57 Chivalry
YellowyGnu8986
0:49 Loom
11:53 Feudal Age
16:06 Castle Age
13:52 Horse Collar
14:38 Double-Bit Axe
15:58 Wheelbarrow
17:01 Bow Saw
16:55 Heavy Plow
16:59 Gold Mining
18:35 Gold Shaft Mining
19:34 Stone Mining
22:26 Hand Cart
28:17 Caravan
32:34 Imperial Age
31:28 Forging
31:10 Fletching
31:21 Padded Archer Armor
32:47 Iron Casting
32:18 Squires
32:05 Arson
33:36 Conscription
33:17 Artillery
33:18 Bodkin Arrow
33:39 Leather Archer Armor
34:30 Two-Man Saw
34:34 Thumb Ring
35:59 Blast Furnace
36:26 Bracer
36:58 Ring Archer Armor
37:03 Ballistics
49:15 Spies/Treason
Connection lost

Rejoining the realm…

Still unreachable

The connection could not be restored.

Session expired

The server has moved on; the page needs a fresh start.